Match 35481010
Unlisted

Match 35481010
End
Kradschützen Motorcycle Team
Panzergrenadier Squad
Panzergrenadier Squad
Construct Light Support Kompanie
Construct Mechanized Kompanie
Veteran Squad Leaders
Vehicle Survival Package
Panzergrenadier Squad
Support Armor Elements
StuG III D Assault Gun
Selects Armored Support Battlegroup
Selects Salvage Kits
StuG III D Assault Gun
2.5-tonne Medical Truck
Emergency Repair Kits
Rapid Advance
Advanced Field Repairs
8 Rad Armored Car
Flakvierling Half-track
Tungsten Core Ammunition
s73r01d
Yaas
Alahuakeba
FullMetalDesa
Keto
FL_FL
0
0

Comments sign in to comment!

No comments posted yet!